AoeStats
← Daisy Duck

Arabia

505235186Analyzed
1v1 RM · 22d ago on Sep 8, 2026· 43m 54s· 2 players
Game mode
Random Map
Map size
Tiny (2 player)
Population
200
Speed
Normal
Resources
Standard
Victory
Conquest
Starting age
Dark Age
Ending age
Imperial Age
RankedLock teamsTeams togetherTeam positionsShared explorationLock speedFull tech treeHidden civsTurbo modeCheats
Victory
Defeat
🇹🇼 Magyars · Taiwan
1281
+32
🇳🇱 Vikings · Netherlands
1293
-17
Daisy Duck
6:34 Loom
8:56 Feudal Age
9:28 Double-Bit Axe
13:34 Horse Collar
18:25 Wheelbarrow
22:24 Castle Age
21:14 Gold Mining
21:37 Bloodlines
23:18 Scale Barding Armor
24:36 Husbandry
29:57 Devotion
30:16 Light Cavalry
31:53 Bow Saw
[C4LL] Boevjee a.k.a. Borlor
7:26 Loom
9:28 Feudal Age
10:46 Double-Bit Axe
10:31 Man-at-Arms
16:31 Horse Collar
17:51 Arson
20:01 Gold Mining
22:19 Castle Age
20:34 Scale Mail Armor
22:25 Forging
22:46 Long Swordsman
23:11 Gambesons
23:27 Squires
23:44 Chain Mail Armor
24:19 Bow Saw
24:53 Town Watch
26:51 Iron Casting
26:43 Pikeman
33:42 Heavy Plow
35:05 Fletching
41:01 Imperial Age
Connection lost

Rejoining the realm…

Still unreachable

The connection could not be restored.

Session expired

The server has moved on; the page needs a fresh start.